 Dungeon Crawl Stone Soup version 0.30.1-9-gdf580d7c3d (webtiles) character file.

Game seed: 6377493439196365263

360 pkoi the Stinger (level 6, -3/45 HPs)
             Began as a Draconian Venom Mage on Oct 12, 2023.
             Slain by Grinder (5 damage)
             ... on level 5 of the Dungeon.
             The game lasted 00:06:41 (5260 turns).

pkoi the Stinger (Draconian Venom Mage)             Turns: 5260, Time: 00:06:42

Health: -3/45      AC:  7    Str:  9    XL:     6   Next: 38%
Magic:  1/10       EV: 12    Int: 22    God:
Gold:   318        SH:  0    Dex: 10    Spells: 4/11 levels left

rFire   . . .        n - +2 dagger (holy)
rCold   . . .        (no shield)
rNeg    . . .        (body armour unavailable)
rPois   .            (helmet restricted)
rElec   .            i - +0 cloak
rCorr   .            (no gloves)
SInv    +            (no boots)
Will    .....        (no amulet)
Stlth   ++           (no ring)
HPRegen 0.27/turn    (no ring)
MPRegen 0.12/turn

%: clarity
@: no status effects
A: AC +6, unfitting armour, cold-blooded, see invisible, clarity, clever 1
a: no special abilities


You were on level 5 of the Dungeon.
You visited 1 branch of the dungeon, and saw 5 of its levels.

You collected 318 gold pieces.

Inventory:

Hand Weapons
 c - a +0 dagger
 g - a +2 mace of holy wrath
 h - the +2 dagger of Responsibility {drain, rC+ rCorr Dex-4}
   (You found it on level 3 of the Dungeon)

   Dex:       It affects your dexterity (-4).
   rC:        It protects you from cold.
   rCorr:     It protects you from acid and corrosion.
 n - a +2 dagger of holy wrath (weapon)
Missiles
 o - 2 throwing nets
Armour
 i - a +0 cloak (worn)
Jewellery
 b - a ring of ice
Scrolls
 e - 3 scrolls of poison
 f - 2 scrolls of blinking
 l - a scroll of magic mapping
 m - 3 scrolls of identify
Potions
 a - a potion of magic
 d - 5 potions of curing
 j - a potion of mutation
 k - a potion of haste


   Skills:
 + Level 0.0 Fighting
 + Level 1.8 Dodging
 - Level 1.7 Stealth
 + Level 3.0 Spellcasting
 + Level 3.0 Transmutations
 + Level 3.0 Air Magic
 + Level 5.0 Poison Magic


You had 4 spell levels left.
You knew the following spells:

 Your Spells              Type           Power      Damage    Failure   Level
a - Sting                 Tmut/Pois      84%        1d7       2%          1
b - Poisonous Vapours     Pois/Air       42%        N/A       3%          2
c - Olgreb's Toxic Radia  Pois           25%        N/A       16%         4

Your spell library contained the following spells:

 Spells                   Type           Power      Damage    Failure   Level
 Magic Dart               Conj           12%        1d3       12%         1
 Mephitic Cloud           Conj/Pois/Air  15%        N/A       12%         3
 Searing Ray              Conj           6%         2d4       19%         2
 Call Canine Familiar     Summ           3%         N/A       36%         3
 Portal Projectile        Hex/Tloc       6%         N/A       36%         3
 Fulminant Prism          Conj/Hex       1%         3d5       77%         4
 Leda's Liquefaction      Hex/Erth       1%         N/A       77%         4


Dungeon Overview and Level Annotations

Branches:
Dungeon (5/15)
 Temple: D:4-7

Altars:
Yredelemnul

Shops:
D:2 [

Annotations:
D:5 Grinder


Innate Abilities, Weirdness & Mutations

Your plain brown scales are hard. (AC +6)
You cannot fit into any form of body armour.
You are cold-blooded and may be slowed by cold attacks.
You have supernaturally acute eyesight. (SInv)
You possess an exceptional clarity of mind.
Your mind is acute. (Int +4, Str/Dex -1)


Message History

Grinder barely misses you.
The sting misses Grinder.
Grinder hits you but does no damage.
The sting hits Grinder but does no damage.
Grinder looks as sick as possible!
Grinder is moderately wounded.
Grinder blinks!
The sting hits Grinder.
Grinder partially resists.
Grinder looks as sick as possible!
Grinder is moderately wounded.
The sting hits Grinder.
Grinder looks as sick as possible!
Grinder is heavily wounded.
Grinder gestures at you. Pain shoots through your body!
Your +2 dagger of holy wrath softly glows with a divine radiance!
n - a +2 dagger of holy wrath (weapon)
A white imp comes into view.
You hit Grinder but do no damage.
Grinder is severely wounded.
Grinder hits you.
You writhe in agony.
You hit Grinder but do no damage.
Grinder is severely wounded.
Grinder closely misses you.
You closely miss Grinder.
Grinder is almost dead.
The white imp hits you but does no damage.
Grinder hits you but does no damage.
You closely miss Grinder.
Grinder is almost dead.
Grinder gestures at you. You resist with significant effort.
The white imp gestures at you. The puff of frost hits you.
You barely miss Grinder.
Grinder is almost dead.
The white imp shouts, "Run away, thou errant wibble-sucking bootlicker!"
The white imp gestures at you. The puff of frost hits you!
* * * LOW HITPOINT WARNING * * *
Grinder hits you.
You die...

# ### #.
..# #..##.#
#
#...55#.###
#@....#
###.#.# ..
.# .. ##


You could see Grinder (very poisoned) and a white imp.

Vanquished Creatures
  A bullfrog (D:4)
  A scorpion (D:4)
  A jelly (D:4)
  3 gnolls (D:4)
  6 adders
  An ufetubus (D:4)
  5 worms
  3 dart slugs
  4 orcs
  7 ball pythons
  8 bats
  11 endoplasms
  5 giant cockroaches
  6 goblins
  8 hobgoblins
  8 jackals (D:4)
  2 quokkas
  3 frilled lizards (D:3)
  9 kobolds
  3 rats
95 creatures vanquished.

Notes
Turn   | Place    | Note
-------+----------+-------------------------------------------
     0 | D:1      | pkoi the Draconian Venom Mage began the quest for the Orb.
     0 | D:1      | Reached XP level 1. HP: 14/14 MP: 3/3
     9 | D:1      | Found a faded altar of an unknown god.
   281 | D:1      | Reached XP level 2. HP: 18/20 MP: 1/5
   293 | D:1      | Learned a level 2 spell: Poisonous Vapours
  1297 | D:1      | Reached XP level 3. HP: 26/26 MP: 0/6
  1646 | D:1      | Reached skill level 1 in Air Magic
  2328 | D:2      | Found Ywu Leiw's Antique Armour Shoppe.
  2381 | D:2      | Reached XP level 4. HP: 33/33 MP: 2/7
  2629 | D:2      | You fall into a shaft and drop 2 floors!
  2686 | D:4      | Noticed a scorpion
  2716 | D:4      | Killed a scorpion
  2717 | D:4      | Reached skill level 4 in Poison Magic
  2717 | D:4      | Reached XP level 5. HP: 31/38 MP: 0/8
  3989 | D:3      | Found a basalt altar of Yredelemnul.
  4339 | D:3      | Gained mutation: Your mind is acute. (Int +4, Str/Dex -1)
                  | [potion of mutation]
  4339 | D:3      | Gained mutation: You have supernaturally acute eyesight.
                  | (SInv) [potion of mutation]
  4339 | D:3      | Gained mutation: You possess an exceptional clarity of
                  | mind. [potion of mutation]
  4387 | D:3      | Identified the +2 dagger of Responsibility {drain, rC+
                  | rCorr Dex-4}
  4718 | D:4      | Reached XP level 6. HP: 45/45 MP: 6/10
  4966 | D:4      | Reached skill level 5 in Poison Magic
  5034 | D:4      | Learned a level 4 spell: Olgreb's Toxic Radiance
  5242 | D:5      | Entered Level 5 of the Dungeon
  5242 | D:5      | Noticed Grinder
  5260 | D:5      | HP: 2/45 [white imp/puff of frost (13)]
  5260 | D:5      | Slain by Grinder

Illustrated notes

Levels and vault maps discovered:
D:1:      scummos_arrival_hexagon, layout_basic,
          dreamdust_ecumenical_altar_statues
D:2:      layout_basic, serial_shops, nicolae_shop_hallway_stairs, minivault_25,
          minmay_ruptured
D:3:      layout_basic, yredelemnul_altar_generic
D:4:      layout_basic, dreamdust_wishing_well
D:5:      layout_basic, trog_book, lemuel_doored_altar,
          minmay_temple_entry_glass, uniq_blork_the_orc, uniq_grinder,
          uniq_crazy_yiuf_cottage

Skill      XL: |  1  2  3  4  5  6 |
---------------+-------------------+-----
Transmutations | 2 3 |  3.0
Air Magic      | 1 2 3 |  3.0
Poison Magic   | 4 5 |  5.0
Spellcasting   | 3 |  3.0
Dodging        | |  1.8
Stealth        | |  1.7

Action                     |  1- 3 |  4- 6 || total
---------------------------+-------+-------++-------
  Melee: Dagger            |     7 |    32 ||    39
         Tailslap          |     3 |     4 ||     7
         Unarmed           |     1 |       ||     1
         Mace              |    17 |    14 ||    31
   Cast: Sting             |    82 |   116 ||   198
    Use: Scroll            |     6 |     2 ||     8
         Potion            |       |     6 ||     6
   Stab: Sleeping          |       |     1 ||     1
 Armour: Skin              |    26 |    36 ||    62
  Dodge: Dodged            |    47 |    65 ||   112
